 Dungeon Crawl Stone Soup version 0.18.1-5-g4a78601 (webtiles) character file.

591 Ingvold the Chopper (level 7, 0/61 HPs)
             Began as a Hill Orc Fighter on May 12, 2016.
             Was a Follower of Okawaru.
             Slain by a vampire (8 damage)
             ... created by the anger of Yredelemnul
             ... on level 4 of the Dungeon.
             The game lasted 00:14:05 (3066 turns).

Ingvold the Chopper (Hill Orc Fighter)              Turns: 3066, Time: 00:14:05

Health: 0/61       AC: 11    Str: 24    XL:     7   Next: 39%
Magic:  8/8        EV:  6    Int:  8    God:    Okawaru [*.....]
Gold:   245        SH:  0    Dex: 10    Spells: 0 memorised, 6 levels left

rFire  . . .     SeeInvis .     a - +1 war axe
rCold  . . .     Gourm    .     t - +0 chain mail
rNeg   . . .     Faith    .     c - +1 shield
rPois  .         Spirit   .     (no helmet)
rElec  .         Dismiss  .     (no cloak)
rCorr  .         Reflect  .     (no gloves)
SustAt .         Harm     .     w - +0 pair of boots
MR     .....                    (no amulet)
Stlth  ..........               (no ring)
                                p - +3 ring of strength

@: confused, drained, not resistant to hostile enchantments, extremely
unstealthy
A: no striking features
a: Heroism, Renounce Religion


You were on level 4 of the Dungeon.
You worshipped Okawaru.
Okawaru was aware of your devotion.
You were not hungry.

You visited 2 branches of the dungeon, and saw 5 of its levels.

You collected 245 gold pieces.

Inventory:

Hand Weapons
 a - a +1 war axe (weapon)
Armour
 c - a +1 shield (worn)
 t - a +0 chain mail (worn)
 w - a +0 pair of boots (worn)
Jewellery
 p - a +3 ring of strength (left hand)
Scrolls
 k - a scroll of recharging
 v - 3 scrolls of identify
Potions
 d - 2 potions of might
 e - a potion of ambrosia {unknown}
 g - 2 potions of flight
 j - 2 potions of curing {unknown}
 m - 2 potions of cure mutation {unknown}
 o - a potion of agility {unknown}
 q - 3 potions of mutation {unknown}
 r - a potion of lignification {unknown}
 s - a potion of heal wounds {unknown}
Comestibles
 b - a beef jerky
 f - 3 bread rations
 h - 2 royal jellies
 i - 3 chunks of flesh
 l - 2 meat rations
 n - 2 slices of pizza


   Skills:
 + Level 5.4(5.3) Fighting
 + Level 5.5(5.4) Axes
 + Level 5.1(5.0) Armour
 + Level 5.4(5.3) Shields
 * Level 2.4(2.3) Invocations


You had 6 spell levels left.
You didn't know any spells.

Dungeon Overview and Level Annotations

Branches:
Dungeon (4/15)             Temple (1/1) D:4

Altars:
Ashenzari
Cheibriados
Dithmenos
Elyvilon
Fedhas
Gozag
Kikubaaqudgha
Okawaru
Qazlal
Sif Muna
Trog
Yredelemnul
Zin
The Shining One


Message History

The vampire hits you.
* * * LOW HITPOINT WARNING * * *
The vampire bites you but does no damage.
The vampire gestures at you while chanting.
You resist with significant effort. The vampire casts a spell at you.
You resist with significant effort. The vampire casts a spell at you.
You are confused.
Things that are here:
a dagger of venom; a robe The vampire hits you.
* * * LOW HITPOINT WARNING * * *
The vampire bites you.
* * * LOW HITPOINT WARNING * * *
The vampire draws strength from your injuries!
The vampire gestures at you while chanting.
You resist with significant effort. The vampire barely misses you.
The vampire bites you!
You die...

#........ #######.##..... ###
#.......##..... ..#
###########.########..... #.#
#...)...........# ###### #.#
#.#############.# #
####.####.#############.#### ##
....>......................#####.
.###.#########.)@V.###+###......#
.# #.# #..........# #.# #.#.##..
.# #.# ##.####..##.###.###.#.##.#
.# #.###...###..##)'.._..+.......
.# #............##.#######.#.##.#
.# #####...###.###.# ### #...##.#
.## ##......###.#######...##.#
#.## #.........(.)...((.#.##.#
##.######.#######.....###.##.##.#


You could see a vampire.

Vanquished Creatures
  An ice beast (D:4)
  A wight (D:4)
  3 hounds
  5 orc wizards (D:4)
  2 orc priests (D:4)
  A giant frog skeleton (D:4)
  A worker ant (D:4)
  A hound skeleton (D:4)
  6 adders
  4 oozes
  A worm (D:3)
  2 dart slugs
  3 giant geckos
  6 orcs (D:4)
  A giant cockroach (D:1)
  5 goblins
  9 hobgoblins
  5 jackals
  12 kobolds
  2 quokkas
  A ball python (D:4)
  7 bats
  3 giant newts
  16 rats
98 creatures vanquished.

Notes
Turn   | Place    | Note
--------------------------------------------------------------
     0 | D:1      | Ingvold the Hill Orc Fighter began the quest for the Orb.
     0 | D:1      | Reached XP level 1. HP: 19/19 MP: 1/1
    87 | D:1      | Reached XP level 2. HP: 27/27 MP: 2/2
   591 | D:1      | Reached XP level 3. HP: 33/33 MP: 3/3
  1205 | D:2      | Found a shadowy altar of Dithmenos.
  1258 | D:2      | Reached XP level 4. HP: 35/41 MP: 4/4
  1397 | D:2      | Found a glowing silver altar of Zin.
  1606 | D:3      | Found a shattered altar of Ashenzari.
  1650 | D:3      | Found a snail-covered altar of Cheibriados.
  1650 | D:3      | Found a basalt altar of Yredelemnul.
  1654 | D:3      | Became a worshipper of Yredelemnul the Dark
  1761 | D:3      | Reached XP level 5. HP: 43/47 MP: 5/5
  1940 | D:3      | Found a faded altar to an unknown god.
  1965 | D:3      | Fell from the grace of Yredelemnul
  2184 | D:4      | Found a staircase to the Ecumenical Temple.
  2204 | Temple   | Entered the Ecumenical Temple
  2211 | Temple   | Became a worshipper of Warmaster Okawaru
  2352 | D:4      | Reached XP level 6. HP: 48/55 MP: 6/6
  2368 | D:4      | Reached skill level 5 in Fighting
  2448 | D:4      | Noticed an ice beast
  2453 | D:4      | Killed an ice beast
  2453 | D:4      | Reached skill level 5 in Axes
  2453 | D:4      | Reached skill level 5 in Shields
  2453 | D:4      | Reached skill level 1 in Invocations
  2500 | D:4      | Reached XP level 7. HP: 43/61 MP: 8/8
  2500 | D:4      | Reached skill level 5 in Armour
  2563 | D:4      | Found an opulent altar of Gozag.
  2856 | D:4      | Noticed a vampire
  2881 | D:4      | Reached * piety under Okawaru
  3043 | D:4      | Noticed a vampire
  3066 | D:4      | Slain by a vampire

Skill      XL: |  1  2  3  4  5  6  7 |
---------------+----------------------+-----
Fighting       | 4 5 |  5.4
Axes           | 3 4 5 |  5.5
Shields        | 4 5 |  5.4
Armour         | 4 5 |  5.1
Invocations    | 1 2 |  2.4

Action                   |  1- 3 |  4- 6 |  7- 9 || total
-------------------------+-------+-------+-------++-------
Melee: War axe           |   147 |   150 |    55 ||   352
Invok: Renounce Religion |       |     1 |       ||     1
  Use: Scroll            |     6 |     3 |     1 ||    10
       Potion            |       |     1 |       ||     1
  Eat: Chunk             |     1 |     5 |     2 ||     8
Armor: Scale mail        |    78 |    19 |       ||    97
       Chain mail        |       |    54 |    32 ||    86
Dodge: Dodged            |    62 |    44 |     9 ||   115
Block: Shield            |    91 |    75 |    22 ||   188
